 Dungeon Crawl Stone Soup version 0.31-a0-700-gf13585253f (webtiles) character file.

Game seed: 13303795477241292298

18065 Ofeo the Demonic Catastrophe (level 12, -3/92 HPs)
             Began as a Demonspawn Wanderer on Sept 7, 2023.
             Was an Elder of Qazlal.
             Slain by a demonic crawler (16 damage)
             ... on level 1 of the Lair of Beasts on Sept 8, 2023.
             The game lasted 00:21:02 (13712 turns).

Ofeo the Demonic Catastrophe (Demonspawn Wanderer) Turns: 13712, Time: 00:21:02

Health: -3/92      AC:  5    Str: 22    XL:     12   Next: 24%
Magic:  23/23      EV: 11    Int: 13    God:    Qazlal [****..]
Gold:   843        SH:  9    Dex: 15    Spells: 6/13 levels left

rFire   . . .        C - +10 shortbow of Funlar {speed, Int+3}
rCold   . . .        (shield currently unavailable)
rNeg    . . .        (no body armour)
rPois   +            (no helmet)
rElec   +            z - +1 cloak of the Eight of Swords {rElec Str+5 Dex-2 Slay+3}
rCorr   .            (no gloves)
SInv    .            r - +0 pair of boots
Will    +....        u - amulet of the acrobat
Stlth   +            e - ring of poison resistance
HPRegen 0.35/turn    s - ring of willpower
MPRegen 0.18/turn

%: repel missiles, acrobat
@: mighty
A: powered by pain 2, augmentation 1, sharp scales 2, condensation shield,
weakness stinger 2
a: Renounce Religion, Upheaval, Elemental Force


You were on level 1 of the Lair of Beasts.
You worshipped Qazlal.
Qazlal was greatly pleased with you.
You visited 3 branches of the dungeon, and saw 13 of its levels.
You also visited: Bailey.

You collected 843 gold pieces.

Inventory:

Hand Weapons
 b - the +8 hand axe of Etijul {protect, rC- Str+4 Dex+4}
   (You found it on level 4 of the Dungeon)

   Str+4:     It affects your strength (+4).
   Dex+4:     It affects your dexterity (+4).
   rC-:       It makes you vulnerable to cold.
 C - the +10 shortbow of Funlar (weapon) {speed, Int+3}
   (You acquired it on level 4 of the Dungeon)

   Int+3:     It affects your intelligence (+3).
Missiles
 p - 4 throwing nets
 E - 2 curare-tipped darts
Armour
 o - a +3 ring mail of willpower
 r - a +0 pair of boots (worn)
 v - a +1 kite shield of positive energy
 z - the +1 cloak of the Eight of Swords (worn) {rElec Str+5 Dex-2 Slay+3}
   (You found it on level 10 of the Dungeon)

   Str+5:     It affects your strength (+5).
   Dex-2:     It affects your dexterity (-2).
   Slay+3:    It affects your accuracy & damage with ranged weapons and melee
   (+3).
   rElec:     It insulates you from electricity.
 B - +0 acid dragon scales
 F - a +0 troll leather armour
Jewellery
 e - a ring of poison resistance (left hand)
 g - a ring of wizardry
 n - a ring of magical power
 s - a ring of willpower (right hand)
 t - a ring of willpower
 u - an amulet of the acrobat (around neck)
 x - an amulet of regeneration
 H - a ring of fire
Talismans
 j - a beast talisman
Wands
 d - a wand of roots (1)
 l - a wand of flame (7)
 D - a wand of quicksilver (4)
Scrolls
 f - a scroll of fog
 i - 2 scrolls of identify {@r1}
 k - 4 scrolls of immolation
 w - 2 scrolls of teleportation {@r3}
 y - a scroll of brand weapon
 A - 5 scrolls of vulnerability
 G - a scroll of fear
Potions
 a - a potion of ambrosia
 c - 2 potions of attraction
 m - 2 potions of might {@q4}
 q - 4 potions of curing {@q1}
 I - a potion of lignification {unknown}
 R - a potion of berserk rage


   Skills:
 + Level 7.8 Fighting
 - Level 2.8 Short Blades
 - Level 14.0 Ranged Weapons
 - Level 1.2 Spellcasting
 - Level 15.0 Invocations


You had 6 spell levels left.
You knew the following spells:

 Your Spells              Type           Power      Damage    Failure   Level
a - Slow                  Hex            0%         N/A       28%         1
b - Sigil of Binding      Hex            0%         N/A       63%         3
c - Inner Flame           Hex/Fire       0%         N/A       63%         3

Your spell library contained the following spells:

 Spells                   Type           Power      Damage    Failure   Level
 Shock                    Conj/Air       0%         1d3       28%         1
 Sting                    Tmut/Pois      0%         1d3       28%         1
 Blink                    Tloc           0%         N/A       38%         2
 Cigotuvi's Dreadful Rot  Necr/Pois/Air  0%         N/A       38%         2
 Poisonous Vapours        Pois/Air       0%         N/A       38%         2
 Confusing Touch          Hex            0%         N/A       63%         3
 Ignite Poison            Fire/Tmut/Pois 0%         N/A       63%         3
 Vampiric Draining        Necr           0%         2d6       63%         3
 Fulminant Prism          Conj/Hex       0%         3d5       95%         4
 Manifold Assault         Tloc           0%         N/A       95%         4
 Olgreb's Toxic Radiance  Pois           0%         N/A       95%         4
 Freezing Cloud           Conj/Ice/Air   0%         6-21      100%        5
 Iskenderun's Battlesphe  Conj           0%         2d6       100%        5
 Yara's Violent Unravell  Hex/Tmut       0%         3d3       100%        5
 Enfeeble                 Hex            0%         N/A       100%        7


Dungeon Overview and Level Annotations

Branches:
Dungeon (11/15)            Temple (1/1) D:4            Lair (1/5) D:10
    Orc (0/2) D:10         Bailey (visited)

Altars:
Ashenzari
Cheibriados
Dithmenos
Fedhas
Gozag
Hepliaklqana
Kikubaaqudgha
Makhleb
Nemelex Xobeh
Okawaru
Qazlal
Ru
Sif Muna
Trog
Uskayaw
Vehumet
Wu Jian
Xom
Yredelemnul

Shops:
D:8 *   D:11 ([

Annotations:
D:2 1 runed translucent door, Crazy Yiuf
D:9 4 transporters


Innate Abilities, Weirdness & Mutations

You sometimes gain power by taking damage.
Your magical and physical power is slightly enhanced at high health.
You are mostly covered in razor-sharp scales. (AC +2, Slay +2)
A meltable shield of frost defends you. (SH +4)
You have a tail ending in a sharp stinger.


Message History

You take 4 damage, and have 35/92 hp.
You shoot an arrow.
The arrow completely misses the demonic crawler.
You shoot an arrow. The arrow hits the demonic crawler.
The demonic crawler is almost dead.
The demonic crawler hits you. The demonic crawler hits you!
* * * LOW HITPOINT WARNING * * *
The demonic crawler hits you!!
* * * LOW HITPOINT WARNING * * *
You focus on the pain.
You feel very mighty all of a sudden.
You take 33 damage, and have 2/92 hp.
MASSIVE DAMAGE!!
Okay, then.
You feel much better. The demonic crawler hits you!
* * * LOW HITPOINT WARNING * * *
The demonic crawler hits you!
* * * LOW HITPOINT WARNING * * *
The demonic crawler barely misses you.
You regained 2 hp, and now have 4/92 hp.
You feel much better.
You hear the crackling of a distant melting archway.
You block the demonic crawler's attack. x2; The demonic crawler hits you!
* * * LOW HITPOINT WARNING * * *
You focus on the pain.
You feel mightier all of a sudden.
You block the demonic crawler's attack. x2
The demonic crawler hits you but does no damage.
You regained 9 hp, and now have 13/92 hp.
Fire: C) +10 shortbow of Funlar {speed, Int+3}
Press: ? - help, Q - select action, (/) - cycle Shift-Dir - straight line, f/p - demonic crawler
Aim: a demonic crawler (heavily wounded, 85% to hit)
You shoot an arrow. The arrow hits the demonic crawler.
The demonic crawler is heavily wounded.
Fire: C) +10 shortbow of Funlar {speed, Int+3}
Press: ? - help, Q - select action, (/) - cycle Shift-Dir - straight line, f/p - demonic crawler
Aim: a demonic crawler (heavily wounded, 85% to hit)
You shoot an arrow. The arrow hits the demonic crawler!
The demonic crawler is severely wounded.
The demonic crawler hits you!
You die...

#~~###.#..#####...†.........
#~~~........................
##≈~.............†##.##.....
#~~~.#..^#####.#.#...#.....
##≈~#.##..# ###...........
#~~†..##..# ##.†....#....
#††..###..#####...⌠.........
~†#~## #..##..°○s§....#.....
~~### #..###..○@..#######.#
~#### #.##...⌠..#..# ##
....# #...§........ ....#
#............+ ....#
+.⌠.>.⌠..⌠.... .......
............... ....##.⌠
##........... # .....# .
##..⌠..####.# .......


You could see a demonic crawler.

Vanquished Creatures
  2 boulder beetles
  2 orc knights (Bailey)
  Joseph (D:8)
  A gargoyle (D:11)
  An unseen horror (D:11)
  Maggie (Lair:1)
  A komodo dragon (Lair:1)
  A kobold demonologist (D:11)
  3 trolls (D:11)
  A hornet (D:11)
  Grinder (D:4)
  Prince Ribbit (D:6)
  Sigmund (D:5)
  3 shadows
  A wraith (D:9)
  31 yaks
  A wyvern (D:9)
  2 basilisks (Lair:1)
  A steam dragon (D:7)
  Menkaure (D:6)
  2 vampire mosquitoes (D:10)
  Edmund (D:6)
  7 water moccasins
  2 acid dragons (D:10)
  Duvessa (D:4)
  13 orc warriors
  An ice beast (D:4)
  A centaur (D:9)
  4 phantoms
  4 kobold brigands
  2 gnoll sergeants
  5 bullfrogs
  A scorpion (D:5)
  4 wights (D:7)
  Dowan (D:4)
  A troll zombie (D:10)
  16 killer bees
  5 howler monkeys
  4 electric eels
  A jelly (D:4)
  A hound (D:4)
  7 orc priests
  A sleepcap (D:6)
  2 iguanas
  9 orc wizards
  5 ogre zombies (D:10)
  20 gnolls
  4 river rats (D:6)
  9 adders
  2 shadow imps (D:6)
  A white imp (D:6)
  6 worms
  3 dart slugs
  38 orcs
  2 endoplasms
  3 giant cockroaches
  4 goblins
  6 hobgoblins
  7 jackals
  6 quokkas
  7 ball pythons
  5 bats
  4 frilled lizards
  A goblin zombie (D:10)
  A hobgoblin zombie (D:10)
  9 kobolds
  2 orc skeletons (D:10)
  15 orc zombies (D:10)
  11 rats
324 creatures vanquished.

Vanquished Creatures (collateral kills)
  2 two-headed ogres (D:10)
2 creatures vanquished.

Grand Total: 326 creatures vanquished

Notes
Turn   | Place    | Note
-------+----------+-------------------------------------------
     0 | D:1      | Ofeo the Demonspawn Wanderer began the quest for the Orb.
     0 | D:1      | Ofeo set off with the following items: a +3 sling, a +0
                  | short sword, a potion of attraction, a +0 leather armour.
     0 | D:1      | Reached XP level 1. HP: 18/18 MP: 2/2
   271 | D:1      | Gained mutation: You are partially covered in razor-sharp
                  | scales. (AC +1, Slay +1) [demonic ancestry]
   271 | D:1      | Reached XP level 2. HP: 20/24 MP: 3/3
   994 | D:2      | Reached XP level 3. HP: 29/29 MP: 4/4
  1282 | D:2      | Identified the +0 robe of Bepn {rC++}
  1366 | D:2      | Found a faded altar of an unknown god.
  1726 | D:2      | Found a runed translucent door.
  1727 | D:2      | Noticed Crazy Yiuf
  2121 | D:3      | Gained mutation: A meltable shield of frost defends you.
                  | (SH +4) [demonic ancestry]
  2121 | D:3      | Reached XP level 4. HP: 35/35 MP: 5/5
  2360 | D:3      | Found a stormy altar of Qazlal.
  2869 | D:4      | Reached skill level 5 in Ranged Weapons
  2869 | D:4      | Gained mutation: You have a small tail. [demonic ancestry]
  2869 | D:4      | Reached XP level 5. HP: 41/41 MP: 6/6
  2894 | D:4      | Identified the +8 hand axe of Etijul {protect, rC- Str+4
                  | Dex+4}
  2989 | D:4      | Gained mutation: You are mostly covered in razor-sharp
                  | scales. (AC +2, Slay +2) [demonic ancestry]
  2989 | D:4      | Reached XP level 6. HP: 46/47 MP: 7/7
  3004 | D:4      | Noticed Duvessa
  3005 | D:4      | Noticed Dowan
  3011 | D:4      | Killed Duvessa
  3020 | D:4      | Killed Dowan
  3198 | D:4      | Identified the +7 quarterstaff "Vaunuef" {chaos, Drain
                  | Int+3 Stlth+}
  3281 | D:4      | Identified a scroll of acquirement
  3281 | D:4      | Acquired the +10 shortbow of Funlar {speed, Int+3}
  3531 | D:4      | Gained mutation: You sometimes gain a little power by
                  | taking damage. [demonic ancestry]
  3531 | D:4      | Reached XP level 7. HP: 52/52 MP: 8/8
  3645 | D:4      | Noticed Grinder
  3647 | D:4      | Paralysed by Grinder for 2 turns
  3653 | D:4      | Killed Grinder
  3857 | D:4      | Found a staircase to the Ecumenical Temple.
  4008 | Temple   | Entered the Ecumenical Temple
  4150 | D:3      | Became a worshipper of Qazlal Stormbringer
  4199 | D:5      | Entered Level 5 of the Dungeon
  4253 | D:5      | Reached skill level 1 in Invocations
  4321 | D:5      | Reached skill level 2 in Invocations
  4321 | D:5      | Gained mutation: You have a tail ending in a sharp stinger.
                  | [demonic ancestry]
  4321 | D:5      | Reached XP level 8. HP: 38/58 MP: 9/9
  4523 | D:5      | Reached skill level 3 in Invocations
  4576 | D:5      | Noticed Sigmund
  4581 | D:5      | Killed Sigmund
  4582 | D:5      | Reached skill level 4 in Invocations
  5311 | D:6      | Learned a level 1 spell: Slow
  5315 | D:6      | Learned a level 3 spell: Sigil of Binding
  5319 | D:6      | Learned a level 3 spell: Inner Flame
  5324 | D:6      | Found a burning altar of Makhleb.
  5451 | D:6      | Reached skill level 5 in Invocations
  5734 | D:6      | Reached skill level 6 in Invocations
  5920 | D:6      | Noticed Menkaure
  5923 | D:6      | Killed Menkaure
  5923 | D:6      | Noticed Prince Ribbit
  5924 | D:6      | Killed Prince Ribbit
  5925 | D:6      | Reached skill level 7 in Invocations
  5925 | D:6      | Reached XP level 9. HP: 34/63 MP: 14/14
  6363 | D:6      | Reached * piety under Qazlal
  6368 | D:6      | Reached skill level 10 in Ranged Weapons
  6533 | D:6      | Noticed Edmund
  6545 | D:6      | Killed Edmund
  6958 | D:7      | Reached skill level 8 in Invocations
  7209 | D:7      | Reached skill level 9 in Invocations
  7573 | D:7      | Found an ornate altar of the Wu Jian Council.
  7951 | D:8      | Noticed a boulder beetle
  7993 | D:7      | Killed a boulder beetle
  7994 | D:7      | Reached skill level 10 in Invocations
  8206 | D:8      | Noticed Joseph
  8215 | D:8      | Killed Joseph
  8215 | D:8      | Reached ** piety under Qazlal
  8216 | D:8      | Reached XP level 10. HP: 48/70 MP: 18/18
  8307 | D:8      | Found a snail-covered altar of Cheibriados.
  8396 | D:8      | Reached skill level 11 in Invocations
  8454 | D:8      | Found an opulent altar of Gozag.
  8454 | D:8      | Found Gozag's Platinum Reserve.
  8469 | D:8      | Found a sacrificial altar of Ru.
  8791 | D:8      | Found a hazy altar of Hepliaklqana.
  8886 | D:8      | Found a blossoming altar of Fedhas.
  9133 | D:9      | Got the Compendium of Green Power
  9153 | D:9      | Reached skill level 12 in Invocations
  9228 | D:9      | Found a flagged portal.
  9291 | Bailey   | Entered a bailey
  9387 | Bailey   | Noticed an orc knight
  9388 | Bailey   | Noticed an orc knight
  9393 | Bailey   | Reached *** piety under Qazlal
  9439 | Bailey   | Killed an orc knight
  9442 | Bailey   | Reached skill level 13 in Invocations
  9445 | Bailey   | Killed an orc knight
  9676 | Bailey   | Gained mutation: You sometimes gain power by taking damage.
                  | [demonic ancestry]
  9676 | Bailey   | Reached XP level 11. HP: 75/75 MP: 20/20
 10158 | D:9      | Found a transporter.
 10164 | D:9      | Found a transporter.
 10328 | D:9      | Found a transporter.
 10460 | D:9      | Found a transporter.
 10497 | D:10     | Entered Level 10 of the Dungeon
 10628 | D:10     | Noticed a two-headed ogre
 10637 | D:10     | Noticed a two-headed ogre
 10854 | D:10     | Identified the +1 cloak of the Eight of Swords {rElec Str+5
                  | Dex-2 Slay+3}
 10881 | D:10     | Reached skill level 14 in Invocations
 11069 | D:10     | Found a staircase to the Lair.
 11107 | D:10     | Killed a two-headed ogre
 11108 | D:10     | Killed a two-headed ogre
 11773 | D:10     | Reached skill level 5 in Fighting
 11816 | D:10     | Found a staircase to the Orcish Mines.
 12179 | D:10     | Identified the +1 robe "Cokkozig" {Will+}
 12477 | D:11     | Reached **** piety under Qazlal
 12547 | D:11     | Reached skill level 15 in Invocations
 12558 | D:11     | Identified the +6 war axe of Darkness {venom, rF+}
 12590 | D:11     | Found Rupolek's Armour Emporium.
 12600 | D:11     | Noticed a boulder beetle
 12620 | D:11     | Killed a boulder beetle
 12924 | D:11     | Found Qatuips's Weapon Shop.
 13144 | D:11     | Gained mutation: Your magical and physical power is
                  | slightly enhanced at high health. [demonic ancestry]
 13144 | D:11     | Reached XP level 12. HP: 77/89 MP: 23/23
 13472 | Lair:1   | Entered Level 1 of the Lair of Beasts
 13473 | Lair:1   | Noticed Maggie
 13479 | Lair:1   | Killed Maggie
 13690 | Lair:1   | Noticed a demonic crawler
 13708 | Lair:1   | HP: 2/92 [demonic crawler (18)]
 13712 | Lair:1   | Slain by a demonic crawler

Illustrated notes

Levels and vault maps discovered:
D:1:      orjb1_clovarrival, layout_basic, minmay_misc_feat_tiny,
          amethyst_killhole
D:2:      layout_rooms, basic_ecumenical_altar, uniq_crazy_yiuf_cottage
D:3:      layout_loops_corners, mainiacjoe_overflow_catwalk,
          kennysheep_another_room
D:4:      layout_rooms, minmay_temple_entry_nine_rooms, nicolae_hexahallways,
          nicolae_elevator_lobby_plus, uniq_grinder, uniq_duvessa
D:5:      nicolae_cairo_tiling_large, layout_basic, kennysheep_generic_room_13,
          uniq_sigmund
D:6:      layout_gridville, lemuel_crystal_altar, lightli_sewer_entry_pipes,
          serial_co_window_serial, co_window_paths_a,
          co_window_of_opportunity_a, co_window_of_opportunity_a,
          co_window_paths_a, co_window_of_opportunity_a,
          co_window_of_opportunity_a, co_window_paths_a, co_window_broadway_b,
          co_window_of_opportunity_b, co_window_of_opportunity_b,
          glass_columns_b, uniq_prince_ribbit1, uniq_edmund, uniq_menkaure
D:7:      layout_basic, mainiacjoe_overflow_alcove_1
D:8:      cheibrodos_helix_gallery, layout_cave_pools, kennysheep_little_box,
          nicolae_gozag_zags_fifth_avenue, mainiacjoe_overflow_paths,
          nicolae_overflow_hidden_temple, nicolae_ru_great_annihilating_truth,
          uniq_joseph
D:9:      layout_rooms, overflow_temple_1_default, enter_bailey_8,
          nicolae_transporter_intersection
D:10:     layout_layer_cave, lair_entry_dummy, zombieorc1_lemuel,
          lemuel_flamethrower_2
D:11:     layout_loops_cross, serial_shops, nicolae_shop_bloodbath_and_beyond,
          shop, serial_bayou_ford_a
Temple:   dshaligram_water_room_temple
Lair:1:   layout_small_grid, portal_ice_cave_entry_ice_simulacra, worms_lemuel,
          grunt_megastairs_3, uniq_maggie

Skill      XL: |  1  2  3  4  5  6  7  8  9 10 11 12 |
---------------+-------------------------------------+-----
Ranged Weapons | 3 4 5 6 7 8 9 11 12 13 14 | 14.0
Invocations    | 2 7 10 13 15 | 15.0
Fighting       | 6 7 |  7.8
Short Blades   | |  2.8
Spellcasting   | |  1.2

Action                     |  1- 3 |  4- 6 |  7- 9 | 10-12 || total
---------------------------+-------+-------+-------+-------++-------
  Melee: Short sword       |       |     5 |       |       ||     5
         Tailslap          |       |     2 |       |       ||     2
   Fire: Sling             |   103 |    86 |       |       ||   189
         Shortbow          |       |    21 |   252 |   638 ||   911
 Invoke: Upheaval          |       |       |       |     5 ||     5
         Elemental Force   |       |       |       |     1 ||     1
  Evoke: Wand              |       |       |     3 |     2 ||     5
    Use: Scroll            |     3 |     4 |     5 |     6 ||    18
         Potion            |       |     1 |     3 |     3 ||     7
 Armour: Leather armour    |    18 |     2 |       |       ||    20
         Ring mail         |       |    26 |    66 |    94 ||   186
         Skin              |       |       |       |    19 ||    19
  Dodge: Dodged            |    30 |    20 |    26 |    49 ||   125
  Block: Other             |       |     6 |    26 |    34 ||    66

Table legend: (Time is in decaauts)
 A = Elapsed time spent in this place.
 B = Non-inter-level travel time spent in this place.
 C = Inter-level travel time spent in this place.
 D = Time resting spent in this place.
 E = Time spent auto-exploring this place.
 F = Levels seen in this place.
 G = Mean time per level.
                   A        B        C        D        E       F      G
               +--------+--------+--------+--------+--------+-----+--------+
         Total |  13498 |  12678 |    820 |    659 |  10132 |  14 |  964.1 |
       Dungeon |  12670 |  11851 |    819 |    482 |   9787 |  11 | 1151.8 |
        Temple |     57 |     56 |      1 |      0 |      0 |   1 |   57.0 |
          Lair |    202 |    202 |      0 |      0 |    117 |   1 |  202.0 |
        Bailey |    568 |    568 |      0 |    177 |    227 |   1 |  568.0 |
               +--------+--------+--------+--------+--------+-----+--------+

Top non-repeatable levels by time:
     D:6: 1594 daAuts
    D:10: 1567 daAuts
     D:4: 1240 daAuts
     D:7: 1208 daAuts
     D:3: 1160 daAuts
    D:11: 1140 daAuts
     D:5: 1102 daAuts
     D:9: 1011 daAuts
     D:1: 964 daAuts
     D:8: 849 daAuts
     D:2: 830 daAuts
  Bailey: 568 daAuts
  Lair:1: 202 daAuts
  Temple: 57 daAuts
